 Dungeon Crawl Stone Soup version 0.30-a0-141-g30f27751c5 (webtiles) character file.

Game seed: 9581598200337726380

30 qw the Shield-Bearer (level 3, 23/23 HPs)
             Began as a Gargoyle Fighter on Sept 25, 2022.
             Quit the game on level 1 of the Dungeon.
             The game lasted 00:08:16 (2611 turns).

qw the Shield-Bearer (Gargoyle Fighter)             Turns: 2611, Time: 00:08:17

Health: 23/23      AC: 10    Str: 21    XL:     3   Next: 20%
Magic:  3/3        EV: 13    Int:  8    God:
Gold:   40         SH:  4    Dex:  9    Spells: 2/2 levels left

rFire   . . .      SeeInvis .    Y - +0 war axe
rCold   + . .      Faith    .    c - +0 buckler
rNeg    + . .      Spirit   +    b - +0 scale mail
rPois   inf        Reflect  .    (no helmet)
rElec   +          Harm     .    (no cloak)
rCorr   .          Rampage  .    (no gloves)
Will    .....                    (no boots)
Stlth   ..........               l - amulet of guardian spirit
HPRegen 0.07/turn                i - ring of protection from cold
MPRegen 0.08/turn                a - +4 ring of evasion

@: very slow
A: sickness immunity, AC +3, negative energy resistance 1, electricity
resistance, torment resistance 1, petrification resistance
a: no special abilities


You were on level 1 of the Dungeon.
You visited 1 branch of the dungeon, and saw 1 of its levels.

You collected 40 gold pieces.


Innate Abilities, Weirdness & Mutations

You are immune to sickness and miasma.
Your stone body is resilient. (AC +3)
You are immune to poison.
You resist negative energy. (rN+)
You are resistant to electric shocks. (rElec)
You are resistant to unholy torment.
You are immune to petrification.


   Skills:
 - Level 3.2 Fighting
 + Level 3.2 Axes
 - Level 3.2 Armour
 - Level 3.2 Shields


You had 2 spell levels left.
You didn't know any spells.
Your spell library was empty.

Inventory:

Hand Weapons
 e - a +0 whip
 Y - a +0 war axe (weapon)
Missiles
 n - 5 boomerangs (quivered)
Armour
 b - a +0 scale mail (worn)
 c - a +0 buckler (worn)
Jewellery
 a - a +4 ring of evasion (right hand)
 i - a ring of protection from cold (left hand)
 l - an amulet of guardian spirit (around neck)
Potions
 d - 3 potions of might
 f - a potion of resistance {unknown}
 h - a potion of haste {unknown}
 j - a potion of attraction {unknown}
 m - a potion of brilliance {unknown}

Dungeon Overview and Level Annotations

Branches:
Dungeon (1/15)

Altars:


Message History

Done exploring.
2599 ||| Stepping randomly (stuck).
Done exploring.
Done exploring.
2600 ||| Stepping randomly (stuck).
Done exploring.
Done exploring.
2601 ||| Stepping randomly (stuck).
Done exploring.
Done exploring.
2602 ||| Stepping randomly (stuck).
Done exploring.
Done exploring.
2603 ||| Stepping randomly (stuck).
Done exploring.
Done exploring.
2604 ||| Stepping randomly (stuck).
Done exploring.
Done exploring.
2605 ||| Stepping randomly (stuck).
You enter the shallow water.
Moving in this stuff is going to be slow.
Done exploring.
Done exploring.
2606 ||| Stepping randomly (stuck).
Done exploring.
Done exploring.
2607 ||| Stepping randomly (stuck).
Done exploring.
Done exploring.
2608 ||| Stepping randomly (stuck).
You enter the shallow water.
Moving in this stuff is going to be slow.
Done exploring.
Done exploring.
2609 ||| Stepping randomly (stuck).
Done exploring.
Done exploring.
2610 ||| Stepping randomly (stuck).
Done exploring.
Done exploring.
Are you sure you want to abandon this character and quit the game? (Confirm with "yes".)

##..(#.######...#7.7.7
##.###.........77.7.).7 #..#
##..#####7.777.\.7 77.77
#.....# 7...7...7
77.P7##..##.##77.......
7..777...##(...77..8_8.
77~.777.........7777777
77777P~~77777#####.....#
##7.P7P~.~7.@7~.......####
#...~~~~~~~~~~..#####.#
#.P777~.~~P7~77## #.# #.77
777~777777######.# #####
#..77#77.77 7.....##.###....
##.#.#7~~~77######.##.#......
#...#77.P7.######.#....#.##.
###.#77.~7.............#.##.
#...)....######.#...##.##.


There were no monsters in sight!

Vanquished Creatures
  A dart slug (D:1)
  An endoplasm (D:1)
  4 goblins (D:1)
  3 hobgoblins (D:1)
  3 jackals (D:1)
  5 kobolds (D:1)
  2 ball pythons (D:1)
  4 frilled lizards (D:1)
  4 rats (D:1)
27 creatures vanquished.

Vanquished Creatures (others)
  2 plants (D:1)
2 creatures vanquished.

Grand Total: 29 creatures vanquished

Notes
Turn   | Place    | Note
-------+----------+-------------------------------------------
     0 | D:1      | qw the Gargoyle Fighter began the quest for the Orb.
     0 | D:1      | Reached XP level 1. HP: 14/14 MP: 1/1
     0 | D:1      | 0 ||| qw: Version: 0.2-a-10-g399e6c4
     0 | D:1      | 0 ||| qw: Game counter: 236
     0 | D:1      | 0 ||| qw: Always use a shield: true
     0 | D:1      | 0 ||| qw: God list: Okawaru
     0 | D:1      | 0 ||| qw: Allow faded altars: false
     0 | D:1      | 0 ||| qw: Do Orc after D:15 true
     0 | D:1      | 0 ||| qw: Do second Lair branch before Depths: true
     0 | D:1      | 0 ||| qw: Lair rune preference: random
     0 | D:1      | 0 ||| qw: Plans: Normal, Zot:1-4, God:TSO, Crypt, Tomb,
                  | Pan, Slime:5, Hells, Abyss, Orb
     0 | D:1      | 0 ||| PLANNING D:1-11
    26 | D:1      | 26 ||| Stepping ~*~*~tactically~*~*~ (hiding).
    27 | D:1      | 27 ||| Stepping ~*~*~tactically~*~*~ (hiding).
   141 | D:1      | 141 ||| Stepping ~*~*~tactically~*~*~ (stealth).
   142 | D:1      | 142 ||| Stepping ~*~*~tactically~*~*~ (stealth).
   147 | D:1      | Reached XP level 2. HP: 16/19 MP: 2/2
   162 | D:1      | 162 ||| Stepping ~*~*~tactically~*~*~ (stealth).
   163 | D:1      | 163 ||| Stepping ~*~*~tactically~*~*~ (stealth).
   166 | D:1      | 166 ||| Stepping ~*~*~tactically~*~*~ (stealth).
   324 | D:1      | 324 ||| Stepping ~*~*~tactically~*~*~ (stealth).
   673 | D:1      | Found a faded altar of an unknown god.
   813 | D:1      | 813 ||| Stepping ~*~*~tactically~*~*~ (water).
   860 | D:1      | 860 ||| Stepping ~*~*~tactically~*~*~ (stealth).
   861 | D:1      | 861 ||| Stepping ~*~*~tactically~*~*~ (stealth).
   884 | D:1      | 884 ||| Stepping ~*~*~tactically~*~*~ (stealth).
   942 | D:1      | Reached skill level 3 in Axes
   990 | D:1      | Reached XP level 3. HP: 21/23 MP: 3/3
  1027 | D:1      | 1027 ||| Stepping ~*~*~tactically~*~*~ (stealth).
  1028 | D:1      | 1028 ||| Stepping ~*~*~tactically~*~*~ (stealth).
  1208 | D:1      | 1208 ||| UPGRADING to amulet of guardian spirit.
  1215 | D:1      | 1215 ||| UPGRADING to ring of protection from cold.
  1216 | D:1      | 1216 ||| READING scroll labelled CEGOXERELL.
  1217 | D:1      | 1217 ||| READING scroll labelled BEUNUCEFAX.
  1218 | D:1      | 1218 ||| READING scroll labelled GOERE FEOCOIJA.
  1228 | D:1      | 1228 ||| Stepping ~*~*~tactically~*~*~ (stealth).
  1607 | D:1      | 1607 ||| READING scroll labelled ROREISEXZO.
  1608 | D:1      | 1608 ||| READING scroll labelled YKKEOFIBBA.
  1608 | D:1      | Identified a scroll of acquirement
  1608 | D:1      | 1608 ||| ACQUIRING +4 ring of evasion
  1608 | D:1      | Acquired a +4 ring of evasion
  1610 | D:1      | 1610 ||| UPGRADING to +4 ring of evasion.
  1611 | D:1      | 1611 ||| Stepping randomly (stuck).
  1612 | D:1      | 1612 ||| Stepping randomly (stuck).
  1613 | D:1      | 1613 ||| Stepping randomly (stuck).
  1614 | D:1      | 1614 ||| Stepping randomly (stuck).
  1615 | D:1      | 1615 ||| Stepping randomly (stuck).
  1616 | D:1      | 1616 ||| Stepping randomly (stuck).
  1617 | D:1      | 1617 ||| Stepping randomly (stuck).
  1618 | D:1      | 1618 ||| Stepping randomly (stuck).
  1619 | D:1      | 1619 ||| Stepping randomly (stuck).
  1620 | D:1      | 1620 ||| Stepping randomly (stuck).
  1621 | D:1      | 1621 ||| Stepping randomly (stuck).
  1622 | D:1      | 1622 ||| Stepping randomly (stuck).
  1623 | D:1      | 1623 ||| Stepping randomly (stuck).
  1624 | D:1      | 1624 ||| Stepping randomly (stuck).
  1625 | D:1      | 1625 ||| Stepping randomly (stuck).
  1626 | D:1      | 1626 ||| Stepping randomly (stuck).
  1627 | D:1      | 1627 ||| Stepping randomly (stuck).
  1628 | D:1      | 1628 ||| Stepping randomly (stuck).
  1629 | D:1      | 1629 ||| Stepping randomly (stuck).
  1630 | D:1      | 1630 ||| Stepping randomly (stuck).
  1631 | D:1      | 1631 ||| Stepping randomly (stuck).
  1632 | D:1      | 1632 ||| Stepping randomly (stuck).
  1633 | D:1      | 1633 ||| Stepping randomly (stuck).
  1634 | D:1      | 1634 ||| Stepping randomly (stuck).
  1635 | D:1      | 1635 ||| Stepping randomly (stuck).
  1636 | D:1      | 1636 ||| Stepping randomly (stuck).
  1637 | D:1      | 1637 ||| Stepping randomly (stuck).
  1638 | D:1      | 1638 ||| Stepping randomly (stuck).
  1639 | D:1      | 1639 ||| Stepping randomly (stuck).
  1640 | D:1      | 1640 ||| Stepping randomly (stuck).
  1641 | D:1      | 1641 ||| Stepping randomly (stuck).
  1642 | D:1      | 1642 ||| Stepping randomly (stuck).
  1643 | D:1      | 1643 ||| Stepping randomly (stuck).
  1644 | D:1      | 1644 ||| Stepping randomly (stuck).
  1645 | D:1      | 1645 ||| Stepping randomly (stuck).
  1646 | D:1      | 1646 ||| Stepping randomly (stuck).
  1647 | D:1      | 1647 ||| Stepping randomly (stuck).
  1648 | D:1      | 1648 ||| Stepping randomly (stuck).
  1649 | D:1      | 1649 ||| Stepping randomly (stuck).
  1650 | D:1      | 1650 ||| Stepping randomly (stuck).
  1651 | D:1      | 1651 ||| Stepping randomly (stuck).
  1652 | D:1      | 1652 ||| Stepping randomly (stuck).
  1653 | D:1      | 1653 ||| Stepping randomly (stuck).
  1654 | D:1      | 1654 ||| Stepping randomly (stuck).
  1655 | D:1      | 1655 ||| Stepping randomly (stuck).
  1656 | D:1      | 1656 ||| Stepping randomly (stuck).
  1657 | D:1      | 1657 ||| Stepping randomly (stuck).
  1658 | D:1      | 1658 ||| Stepping randomly (stuck).
  1659 | D:1      | 1659 ||| Stepping randomly (stuck).
  1660 | D:1      | 1660 ||| Stepping randomly (stuck).
  1661 | D:1      | 1661 ||| Stepping randomly (stuck).
  1662 | D:1      | 1662 ||| Stepping randomly (stuck).
  1663 | D:1      | 1663 ||| Stepping randomly (stuck).
  1664 | D:1      | 1664 ||| Stepping randomly (stuck).
  1665 | D:1      | 1665 ||| Stepping randomly (stuck).
  1666 | D:1      | 1666 ||| Stepping randomly (stuck).
  1667 | D:1      | 1667 ||| Stepping randomly (stuck).
  1668 | D:1      | 1668 ||| Stepping randomly (stuck).
  1669 | D:1      | 1669 ||| Stepping randomly (stuck).
  1670 | D:1      | 1670 ||| Stepping randomly (stuck).
  1671 | D:1      | 1671 ||| Stepping randomly (stuck).
  1672 | D:1      | 1672 ||| Stepping randomly (stuck).
  1673 | D:1      | 1673 ||| Stepping randomly (stuck).
  1674 | D:1      | 1674 ||| Stepping randomly (stuck).
  1675 | D:1      | 1675 ||| Stepping randomly (stuck).
  1676 | D:1      | 1676 ||| Stepping randomly (stuck).
  1677 | D:1      | 1677 ||| Stepping randomly (stuck).
  1678 | D:1      | 1678 ||| Stepping randomly (stuck).
  1679 | D:1      | 1679 ||| Stepping randomly (stuck).
  1680 | D:1      | 1680 ||| Stepping randomly (stuck).
  1681 | D:1      | 1681 ||| Stepping randomly (stuck).
  1682 | D:1      | 1682 ||| Stepping randomly (stuck).
  1683 | D:1      | 1683 ||| Stepping randomly (stuck).
  1684 | D:1      | 1684 ||| Stepping randomly (stuck).
  1685 | D:1      | 1685 ||| Stepping randomly (stuck).
  1686 | D:1      | 1686 ||| Stepping randomly (stuck).
  1687 | D:1      | 1687 ||| Stepping randomly (stuck).
  1688 | D:1      | 1688 ||| Stepping randomly (stuck).
  1689 | D:1      | 1689 ||| Stepping randomly (stuck).
  1690 | D:1      | 1690 ||| Stepping randomly (stuck).
  1691 | D:1      | 1691 ||| Stepping randomly (stuck).
  1692 | D:1      | 1692 ||| Stepping randomly (stuck).
  1693 | D:1      | 1693 ||| Stepping randomly (stuck).
  1694 | D:1      | 1694 ||| Stepping randomly (stuck).
  1695 | D:1      | 1695 ||| Stepping randomly (stuck).
  1696 | D:1      | 1696 ||| Stepping randomly (stuck).
  1697 | D:1      | 1697 ||| Stepping randomly (stuck).
  1698 | D:1      | 1698 ||| Stepping randomly (stuck).
  1699 | D:1      | 1699 ||| Stepping randomly (stuck).
  1700 | D:1      | 1700 ||| Stepping randomly (stuck).
  1701 | D:1      | 1701 ||| Stepping randomly (stuck).
  1702 | D:1      | 1702 ||| Stepping randomly (stuck).
  1703 | D:1      | 1703 ||| Stepping randomly (stuck).
  1704 | D:1      | 1704 ||| Stepping randomly (stuck).
  1705 | D:1      | 1705 ||| Stepping randomly (stuck).
  1706 | D:1      | 1706 ||| Stepping randomly (stuck).
  1707 | D:1      | 1707 ||| Stepping randomly (stuck).
  1708 | D:1      | 1708 ||| Stepping randomly (stuck).
  1709 | D:1      | 1709 ||| Stepping randomly (stuck).
  1710 | D:1      | 1710 ||| Stepping randomly (stuck).
  1711 | D:1      | 1711 ||| Stepping randomly (stuck).
  1712 | D:1      | 1712 ||| Stepping randomly (stuck).
  1713 | D:1      | 1713 ||| Stepping randomly (stuck).
  1714 | D:1      | 1714 ||| Stepping randomly (stuck).
  1715 | D:1      | 1715 ||| Stepping randomly (stuck).
  1716 | D:1      | 1716 ||| Stepping randomly (stuck).
  1717 | D:1      | 1717 ||| Stepping randomly (stuck).
  1718 | D:1      | 1718 ||| Stepping randomly (stuck).
  1719 | D:1      | 1719 ||| Stepping randomly (stuck).
  1720 | D:1      | 1720 ||| Stepping randomly (stuck).
  1721 | D:1      | 1721 ||| Stepping randomly (stuck).
  1722 | D:1      | 1722 ||| Stepping randomly (stuck).
  1723 | D:1      | 1723 ||| Stepping randomly (stuck).
  1724 | D:1      | 1724 ||| Stepping randomly (stuck).
  1725 | D:1      | 1725 ||| Stepping randomly (stuck).
  1726 | D:1      | 1726 ||| Stepping randomly (stuck).
  1727 | D:1      | 1727 ||| Stepping randomly (stuck).
  1728 | D:1      | 1728 ||| Stepping randomly (stuck).
  1729 | D:1      | 1729 ||| Stepping randomly (stuck).
  1730 | D:1      | 1730 ||| Stepping randomly (stuck).
  1731 | D:1      | 1731 ||| Stepping randomly (stuck).
  1732 | D:1      | 1732 ||| Stepping randomly (stuck).
  1733 | D:1      | 1733 ||| Stepping randomly (stuck).
  1734 | D:1      | 1734 ||| Stepping randomly (stuck).
  1735 | D:1      | 1735 ||| Stepping randomly (stuck).
  1736 | D:1      | 1736 ||| Stepping randomly (stuck).
  1737 | D:1      | 1737 ||| Stepping randomly (stuck).
  1738 | D:1      | 1738 ||| Stepping randomly (stuck).
  1739 | D:1      | 1739 ||| Stepping randomly (stuck).
  1740 | D:1      | 1740 ||| Stepping randomly (stuck).
  1741 | D:1      | 1741 ||| Stepping randomly (stuck).
  1742 | D:1      | 1742 ||| Stepping randomly (stuck).
  1743 | D:1      | 1743 ||| Stepping randomly (stuck).
  1744 | D:1      | 1744 ||| Stepping randomly (stuck).
  1745 | D:1      | 1745 ||| Stepping randomly (stuck).
  1746 | D:1      | 1746 ||| Stepping randomly (stuck).
  1747 | D:1      | 1747 ||| Stepping randomly (stuck).
  1748 | D:1      | 1748 ||| Stepping randomly (stuck).
  1749 | D:1      | 1749 ||| Stepping randomly (stuck).
  1750 | D:1      | 1750 ||| Stepping randomly (stuck).
  1751 | D:1      | 1751 ||| Stepping randomly (stuck).
  1752 | D:1      | 1752 ||| Stepping randomly (stuck).
  1753 | D:1      | 1753 ||| Stepping randomly (stuck).
  1754 | D:1      | 1754 ||| Stepping randomly (stuck).
  1755 | D:1      | 1755 ||| Stepping randomly (stuck).
  1756 | D:1      | 1756 ||| Stepping randomly (stuck).
  1757 | D:1      | 1757 ||| Stepping randomly (stuck).
  1758 | D:1      | 1758 ||| Stepping randomly (stuck).
  1759 | D:1      | 1759 ||| Stepping randomly (stuck).
  1760 | D:1      | 1760 ||| Stepping randomly (stuck).
  1761 | D:1      | 1761 ||| Stepping randomly (stuck).
  1762 | D:1      | 1762 ||| Stepping randomly (stuck).
  1763 | D:1      | 1763 ||| Stepping randomly (stuck).
  1764 | D:1      | 1764 ||| Stepping randomly (stuck).
  1765 | D:1      | 1765 ||| Stepping randomly (stuck).
  1766 | D:1      | 1766 ||| Stepping randomly (stuck).
  1767 | D:1      | 1767 ||| Stepping randomly (stuck).
  1768 | D:1      | 1768 ||| Stepping randomly (stuck).
  1769 | D:1      | 1769 ||| Stepping randomly (stuck).
  1770 | D:1      | 1770 ||| Stepping randomly (stuck).
  1771 | D:1      | 1771 ||| Stepping randomly (stuck).
  1772 | D:1      | 1772 ||| Stepping randomly (stuck).
  1773 | D:1      | 1773 ||| Stepping randomly (stuck).
  1774 | D:1      | 1774 ||| Stepping randomly (stuck).
  1775 | D:1      | 1775 ||| Stepping randomly (stuck).
  1776 | D:1      | 1776 ||| Stepping randomly (stuck).
  1777 | D:1      | 1777 ||| Stepping randomly (stuck).
  1778 | D:1      | 1778 ||| Stepping randomly (stuck).
  1779 | D:1      | 1779 ||| Stepping randomly (stuck).
  1780 | D:1      | 1780 ||| Stepping randomly (stuck).
  1781 | D:1      | 1781 ||| Stepping randomly (stuck).
  1782 | D:1      | 1782 ||| Stepping randomly (stuck).
  1783 | D:1      | 1783 ||| Stepping randomly (stuck).
  1784 | D:1      | 1784 ||| Stepping randomly (stuck).
  1785 | D:1      | 1785 ||| Stepping randomly (stuck).
  1786 | D:1      | 1786 ||| Stepping randomly (stuck).
  1787 | D:1      | 1787 ||| Stepping randomly (stuck).
  1788 | D:1      | 1788 ||| Stepping randomly (stuck).
  1789 | D:1      | 1789 ||| Stepping randomly (stuck).
  1790 | D:1      | 1790 ||| Stepping randomly (stuck).
  1791 | D:1      | 1791 ||| Stepping randomly (stuck).
  1792 | D:1      | 1792 ||| Stepping randomly (stuck).
  1793 | D:1      | 1793 ||| Stepping randomly (stuck).
  1794 | D:1      | 1794 ||| Stepping randomly (stuck).
  1795 | D:1      | 1795 ||| Stepping randomly (stuck).
  1796 | D:1      | 1796 ||| Stepping randomly (stuck).
  1797 | D:1      | 1797 ||| Stepping randomly (stuck).
  1798 | D:1      | 1798 ||| Stepping randomly (stuck).
  1799 | D:1      | 1799 ||| Stepping randomly (stuck).
  1800 | D:1      | 1800 ||| Stepping randomly (stuck).
  1801 | D:1      | 1801 ||| Stepping randomly (stuck).
  1802 | D:1      | 1802 ||| Stepping randomly (stuck).
  1803 | D:1      | 1803 ||| Stepping randomly (stuck).
  1804 | D:1      | 1804 ||| Stepping randomly (stuck).
  1805 | D:1      | 1805 ||| Stepping randomly (stuck).
  1806 | D:1      | 1806 ||| Stepping randomly (stuck).
  1807 | D:1      | 1807 ||| Stepping randomly (stuck).
  1808 | D:1      | 1808 ||| Stepping randomly (stuck).
  1809 | D:1      | 1809 ||| Stepping randomly (stuck).
  1810 | D:1      | 1810 ||| Stepping randomly (stuck).
  1811 | D:1      | 1811 ||| Stepping randomly (stuck).
  1812 | D:1      | 1812 ||| Stepping randomly (stuck).
  1813 | D:1      | 1813 ||| Stepping randomly (stuck).
  1814 | D:1      | 1814 ||| Stepping randomly (stuck).
  1815 | D:1      | 1815 ||| Stepping randomly (stuck).
  1816 | D:1      | 1816 ||| Stepping randomly (stuck).
  1817 | D:1      | 1817 ||| Stepping randomly (stuck).
  1818 | D:1      | 1818 ||| Stepping randomly (stuck).
  1819 | D:1      | 1819 ||| Stepping randomly (stuck).
  1820 | D:1      | 1820 ||| Stepping randomly (stuck).
  1821 | D:1      | 1821 ||| Stepping randomly (stuck).
  1822 | D:1      | 1822 ||| Stepping randomly (stuck).
  1823 | D:1      | 1823 ||| Stepping randomly (stuck).
  1824 | D:1      | 1824 ||| Stepping randomly (stuck).
  1825 | D:1      | 1825 ||| Stepping randomly (stuck).
  1826 | D:1      | 1826 ||| Stepping randomly (stuck).
  1827 | D:1      | 1827 ||| Stepping randomly (stuck).
  1828 | D:1      | 1828 ||| Stepping randomly (stuck).
  1829 | D:1      | 1829 ||| Stepping randomly (stuck).
  1830 | D:1      | 1830 ||| Stepping randomly (stuck).
  1831 | D:1      | 1831 ||| Stepping randomly (stuck).
  1832 | D:1      | 1832 ||| Stepping randomly (stuck).
  1833 | D:1      | 1833 ||| Stepping randomly (stuck).
  1834 | D:1      | 1834 ||| Stepping randomly (stuck).
  1835 | D:1      | 1835 ||| Stepping randomly (stuck).
  1836 | D:1      | 1836 ||| Stepping randomly (stuck).
  1837 | D:1      | 1837 ||| Stepping randomly (stuck).
  1838 | D:1      | 1838 ||| Stepping randomly (stuck).
  1839 | D:1      | 1839 ||| Stepping randomly (stuck).
  1840 | D:1      | 1840 ||| Stepping randomly (stuck).
  1841 | D:1      | 1841 ||| Stepping randomly (stuck).
  1842 | D:1      | 1842 ||| Stepping randomly (stuck).
  1843 | D:1      | 1843 ||| Stepping randomly (stuck).
  1844 | D:1      | 1844 ||| Stepping randomly (stuck).
  1845 | D:1      | 1845 ||| Stepping randomly (stuck).
  1846 | D:1      | 1846 ||| Stepping randomly (stuck).
  1847 | D:1      | 1847 ||| Stepping randomly (stuck).
  1848 | D:1      | 1848 ||| Stepping randomly (stuck).
  1849 | D:1      | 1849 ||| Stepping randomly (stuck).
  1850 | D:1      | 1850 ||| Stepping randomly (stuck).
  1851 | D:1      | 1851 ||| Stepping randomly (stuck).
  1852 | D:1      | 1852 ||| Stepping randomly (stuck).
  1853 | D:1      | 1853 ||| Stepping randomly (stuck).
  1854 | D:1      | 1854 ||| Stepping randomly (stuck).
  1855 | D:1      | 1855 ||| Stepping randomly (stuck).
  1856 | D:1      | 1856 ||| Stepping randomly (stuck).
  1857 | D:1      | 1857 ||| Stepping randomly (stuck).
  1858 | D:1      | 1858 ||| Stepping randomly (stuck).
  1859 | D:1      | 1859 ||| Stepping randomly (stuck).
  1860 | D:1      | 1860 ||| Stepping randomly (stuck).
  1861 | D:1      | 1861 ||| Stepping randomly (stuck).
  1862 | D:1      | 1862 ||| Stepping randomly (stuck).
  1863 | D:1      | 1863 ||| Stepping randomly (stuck).
  1864 | D:1      | 1864 ||| Stepping randomly (stuck).
  1865 | D:1      | 1865 ||| Stepping randomly (stuck).
  1866 | D:1      | 1866 ||| Stepping randomly (stuck).
  1867 | D:1      | 1867 ||| Stepping randomly (stuck).
  1868 | D:1      | 1868 ||| Stepping randomly (stuck).
  1869 | D:1      | 1869 ||| Stepping randomly (stuck).
  1870 | D:1      | 1870 ||| Stepping randomly (stuck).
  1871 | D:1      | 1871 ||| Stepping randomly (stuck).
  1872 | D:1      | 1872 ||| Stepping randomly (stuck).
  1873 | D:1      | 1873 ||| Stepping randomly (stuck).
  1874 | D:1      | 1874 ||| Stepping randomly (stuck).
  1875 | D:1      | 1875 ||| Stepping randomly (stuck).
  1876 | D:1      | 1876 ||| Stepping randomly (stuck).
  1877 | D:1      | 1877 ||| Stepping randomly (stuck).
  1878 | D:1      | 1878 ||| Stepping randomly (stuck).
  1879 | D:1      | 1879 ||| Stepping randomly (stuck).
  1880 | D:1      | 1880 ||| Stepping randomly (stuck).
  1881 | D:1      | 1881 ||| Stepping randomly (stuck).
  1882 | D:1      | 1882 ||| Stepping randomly (stuck).
  1883 | D:1      | 1883 ||| Stepping randomly (stuck).
  1884 | D:1      | 1884 ||| Stepping randomly (stuck).
  1885 | D:1      | 1885 ||| Stepping randomly (stuck).
  1886 | D:1      | 1886 ||| Stepping randomly (stuck).
  1887 | D:1      | 1887 ||| Stepping randomly (stuck).
  1888 | D:1      | 1888 ||| Stepping randomly (stuck).
  1889 | D:1      | 1889 ||| Stepping randomly (stuck).
  1890 | D:1      | 1890 ||| Stepping randomly (stuck).
  1891 | D:1      | 1891 ||| Stepping randomly (stuck).
  1892 | D:1      | 1892 ||| Stepping randomly (stuck).
  1893 | D:1      | 1893 ||| Stepping randomly (stuck).
  1894 | D:1      | 1894 ||| Stepping randomly (stuck).
  1895 | D:1      | 1895 ||| Stepping randomly (stuck).
  1896 | D:1      | 1896 ||| Stepping randomly (stuck).
  1897 | D:1      | 1897 ||| Stepping randomly (stuck).
  1898 | D:1      | 1898 ||| Stepping randomly (stuck).
  1899 | D:1      | 1899 ||| Stepping randomly (stuck).
  1900 | D:1      | 1900 ||| Stepping randomly (stuck).
  1901 | D:1      | 1901 ||| Stepping randomly (stuck).
  1902 | D:1      | 1902 ||| Stepping randomly (stuck).
  1903 | D:1      | 1903 ||| Stepping randomly (stuck).
  1904 | D:1      | 1904 ||| Stepping randomly (stuck).
  1905 | D:1      | 1905 ||| Stepping randomly (stuck).
  1906 | D:1      | 1906 ||| Stepping randomly (stuck).
  1907 | D:1      | 1907 ||| Stepping randomly (stuck).
  1908 | D:1      | 1908 ||| Stepping randomly (stuck).
  1909 | D:1      | 1909 ||| Stepping randomly (stuck).
  1910 | D:1      | 1910 ||| Stepping randomly (stuck).
  1911 | D:1      | 1911 ||| Stepping randomly (stuck).
  1912 | D:1      | 1912 ||| Stepping randomly (stuck).
  1913 | D:1      | 1913 ||| Stepping randomly (stuck).
  1914 | D:1      | 1914 ||| Stepping randomly (stuck).
  1915 | D:1      | 1915 ||| Stepping randomly (stuck).
  1916 | D:1      | 1916 ||| Stepping randomly (stuck).
  1917 | D:1      | 1917 ||| Stepping randomly (stuck).
  1918 | D:1      | 1918 ||| Stepping randomly (stuck).
  1919 | D:1      | 1919 ||| Stepping randomly (stuck).
  1920 | D:1      | 1920 ||| Stepping randomly (stuck).
  1921 | D:1      | 1921 ||| Stepping randomly (stuck).
  1922 | D:1      | 1922 ||| Stepping randomly (stuck).
  1923 | D:1      | 1923 ||| Stepping randomly (stuck).
  1924 | D:1      | 1924 ||| Stepping randomly (stuck).
  1925 | D:1      | 1925 ||| Stepping randomly (stuck).
  1926 | D:1      | 1926 ||| Stepping randomly (stuck).
  1927 | D:1      | 1927 ||| Stepping randomly (stuck).
  1928 | D:1      | 1928 ||| Stepping randomly (stuck).
  1929 | D:1      | 1929 ||| Stepping randomly (stuck).
  1930 | D:1      | 1930 ||| Stepping randomly (stuck).
  1931 | D:1      | 1931 ||| Stepping randomly (stuck).
  1932 | D:1      | 1932 ||| Stepping randomly (stuck).
  1933 | D:1      | 1933 ||| Stepping randomly (stuck).
  1934 | D:1      | 1934 ||| Stepping randomly (stuck).
  1935 | D:1      | 1935 ||| Stepping randomly (stuck).
  1936 | D:1      | 1936 ||| Stepping randomly (stuck).
  1937 | D:1      | 1937 ||| Stepping randomly (stuck).
  1938 | D:1      | 1938 ||| Stepping randomly (stuck).
  1939 | D:1      | 1939 ||| Stepping randomly (stuck).
  1940 | D:1      | 1940 ||| Stepping randomly (stuck).
  1941 | D:1      | 1941 ||| Stepping randomly (stuck).
  1942 | D:1      | 1942 ||| Stepping randomly (stuck).
  1943 | D:1      | 1943 ||| Stepping randomly (stuck).
  1944 | D:1      | 1944 ||| Stepping randomly (stuck).
  1945 | D:1      | 1945 ||| Stepping randomly (stuck).
  1946 | D:1      | 1946 ||| Stepping randomly (stuck).
  1947 | D:1      | 1947 ||| Stepping randomly (stuck).
  1948 | D:1      | 1948 ||| Stepping randomly (stuck).
  1949 | D:1      | 1949 ||| Stepping randomly (stuck).
  1950 | D:1      | 1950 ||| Stepping randomly (stuck).
  1951 | D:1      | 1951 ||| Stepping randomly (stuck).
  1952 | D:1      | 1952 ||| Stepping randomly (stuck).
  1953 | D:1      | 1953 ||| Stepping randomly (stuck).
  1954 | D:1      | 1954 ||| Stepping randomly (stuck).
  1955 | D:1      | 1955 ||| Stepping randomly (stuck).
  1956 | D:1      | 1956 ||| Stepping randomly (stuck).
  1957 | D:1      | 1957 ||| Stepping randomly (stuck).
  1958 | D:1      | 1958 ||| Stepping randomly (stuck).
  1959 | D:1      | 1959 ||| Stepping randomly (stuck).
  1960 | D:1      | 1960 ||| Stepping randomly (stuck).
  1961 | D:1      | 1961 ||| Stepping randomly (stuck).
  1962 | D:1      | 1962 ||| Stepping randomly (stuck).
  1963 | D:1      | 1963 ||| Stepping randomly (stuck).
  1964 | D:1      | 1964 ||| Stepping randomly (stuck).
  1965 | D:1      | 1965 ||| Stepping randomly (stuck).
  1966 | D:1      | 1966 ||| Stepping randomly (stuck).
  1967 | D:1      | 1967 ||| Stepping randomly (stuck).
  1968 | D:1      | 1968 ||| Stepping randomly (stuck).
  1969 | D:1      | 1969 ||| Stepping randomly (stuck).
  1970 | D:1      | 1970 ||| Stepping randomly (stuck).
  1971 | D:1      | 1971 ||| Stepping randomly (stuck).
  1972 | D:1      | 1972 ||| Stepping randomly (stuck).
  1973 | D:1      | 1973 ||| Stepping randomly (stuck).
  1974 | D:1      | 1974 ||| Stepping randomly (stuck).
  1975 | D:1      | 1975 ||| Stepping randomly (stuck).
  1976 | D:1      | 1976 ||| Stepping randomly (stuck).
  1977 | D:1      | 1977 ||| Stepping randomly (stuck).
  1978 | D:1      | 1978 ||| Stepping randomly (stuck).
  1979 | D:1      | 1979 ||| Stepping randomly (stuck).
  1980 | D:1      | 1980 ||| Stepping randomly (stuck).
  1981 | D:1      | 1981 ||| Stepping randomly (stuck).
  1982 | D:1      | 1982 ||| Stepping randomly (stuck).
  1983 | D:1      | 1983 ||| Stepping randomly (stuck).
  1984 | D:1      | 1984 ||| Stepping randomly (stuck).
  1985 | D:1      | 1985 ||| Stepping randomly (stuck).
  1986 | D:1      | 1986 ||| Stepping randomly (stuck).
  1987 | D:1      | 1987 ||| Stepping randomly (stuck).
  1988 | D:1      | 1988 ||| Stepping randomly (stuck).
  1989 | D:1      | 1989 ||| Stepping randomly (stuck).
  1990 | D:1      | 1990 ||| Stepping randomly (stuck).
  1991 | D:1      | 1991 ||| Stepping randomly (stuck).
  1992 | D:1      | 1992 ||| Stepping randomly (stuck).
  1993 | D:1      | 1993 ||| Stepping randomly (stuck).
  1994 | D:1      | 1994 ||| Stepping randomly (stuck).
  1995 | D:1      | 1995 ||| Stepping randomly (stuck).
  1996 | D:1      | 1996 ||| Stepping randomly (stuck).
  1997 | D:1      | 1997 ||| Stepping randomly (stuck).
  1998 | D:1      | 1998 ||| Stepping randomly (stuck).
  1999 | D:1      | 1999 ||| Stepping randomly (stuck).
  2000 | D:1      | 2000 ||| Stepping randomly (stuck).
  2001 | D:1      | 2001 ||| Stepping randomly (stuck).
  2002 | D:1      | 2002 ||| Stepping randomly (stuck).
  2003 | D:1      | 2003 ||| Stepping randomly (stuck).
  2004 | D:1      | 2004 ||| Stepping randomly (stuck).
  2005 | D:1      | 2005 ||| Stepping randomly (stuck).
  2006 | D:1      | 2006 ||| Stepping randomly (stuck).
  2007 | D:1      | 2007 ||| Stepping randomly (stuck).
  2008 | D:1      | 2008 ||| Stepping randomly (stuck).
  2009 | D:1      | 2009 ||| Stepping randomly (stuck).
  2010 | D:1      | 2010 ||| Stepping randomly (stuck).
  2011 | D:1      | 2011 ||| Stepping randomly (stuck).
  2012 | D:1      | 2012 ||| Stepping randomly (stuck).
  2013 | D:1      | 2013 ||| Stepping randomly (stuck).
  2014 | D:1      | 2014 ||| Stepping randomly (stuck).
  2015 | D:1      | 2015 ||| Stepping randomly (stuck).
  2016 | D:1      | 2016 ||| Stepping randomly (stuck).
  2017 | D:1      | 2017 ||| Stepping randomly (stuck).
  2018 | D:1      | 2018 ||| Stepping randomly (stuck).
  2019 | D:1      | 2019 ||| Stepping randomly (stuck).
  2020 | D:1      | 2020 ||| Stepping randomly (stuck).
  2021 | D:1      | 2021 ||| Stepping randomly (stuck).
  2022 | D:1      | 2022 ||| Stepping randomly (stuck).
  2023 | D:1      | 2023 ||| Stepping randomly (stuck).
  2024 | D:1      | 2024 ||| Stepping randomly (stuck).
  2025 | D:1      | 2025 ||| Stepping randomly (stuck).
  2026 | D:1      | 2026 ||| Stepping randomly (stuck).
  2027 | D:1      | 2027 ||| Stepping randomly (stuck).
  2028 | D:1      | 2028 ||| Stepping randomly (stuck).
  2029 | D:1      | 2029 ||| Stepping randomly (stuck).
  2030 | D:1      | 2030 ||| Stepping randomly (stuck).
  2031 | D:1      | 2031 ||| Stepping randomly (stuck).
  2032 | D:1      | 2032 ||| Stepping randomly (stuck).
  2033 | D:1      | 2033 ||| Stepping randomly (stuck).
  2034 | D:1      | 2034 ||| Stepping randomly (stuck).
  2035 | D:1      | 2035 ||| Stepping randomly (stuck).
  2036 | D:1      | 2036 ||| Stepping randomly (stuck).
  2037 | D:1      | 2037 ||| Stepping randomly (stuck).
  2038 | D:1      | 2038 ||| Stepping randomly (stuck).
  2039 | D:1      | 2039 ||| Stepping randomly (stuck).
  2040 | D:1      | 2040 ||| Stepping randomly (stuck).
  2041 | D:1      | 2041 ||| Stepping randomly (stuck).
  2042 | D:1      | 2042 ||| Stepping randomly (stuck).
  2043 | D:1      | 2043 ||| Stepping randomly (stuck).
  2044 | D:1      | 2044 ||| Stepping randomly (stuck).
  2045 | D:1      | 2045 ||| Stepping randomly (stuck).
  2046 | D:1      | 2046 ||| Stepping randomly (stuck).
  2047 | D:1      | 2047 ||| Stepping randomly (stuck).
  2048 | D:1      | 2048 ||| Stepping randomly (stuck).
  2049 | D:1      | 2049 ||| Stepping randomly (stuck).
  2050 | D:1      | 2050 ||| Stepping randomly (stuck).
  2051 | D:1      | 2051 ||| Stepping randomly (stuck).
  2052 | D:1      | 2052 ||| Stepping randomly (stuck).
  2053 | D:1      | 2053 ||| Stepping randomly (stuck).
  2054 | D:1      | 2054 ||| Stepping randomly (stuck).
  2055 | D:1      | 2055 ||| Stepping randomly (stuck).
  2056 | D:1      | 2056 ||| Stepping randomly (stuck).
  2057 | D:1      | 2057 ||| Stepping randomly (stuck).
  2058 | D:1      | 2058 ||| Stepping randomly (stuck).
  2059 | D:1      | 2059 ||| Stepping randomly (stuck).
  2060 | D:1      | 2060 ||| Stepping randomly (stuck).
  2061 | D:1      | 2061 ||| Stepping randomly (stuck).
  2062 | D:1      | 2062 ||| Stepping randomly (stuck).
  2063 | D:1      | 2063 ||| Stepping randomly (stuck).
  2064 | D:1      | 2064 ||| Stepping randomly (stuck).
  2065 | D:1      | 2065 ||| Stepping randomly (stuck).
  2066 | D:1      | 2066 ||| Stepping randomly (stuck).
  2067 | D:1      | 2067 ||| Stepping randomly (stuck).
  2068 | D:1      | 2068 ||| Stepping randomly (stuck).
  2069 | D:1      | 2069 ||| Stepping randomly (stuck).
  2070 | D:1      | 2070 ||| Stepping randomly (stuck).
  2071 | D:1      | 2071 ||| Stepping randomly (stuck).
  2072 | D:1      | 2072 ||| Stepping randomly (stuck).
  2073 | D:1      | 2073 ||| Stepping randomly (stuck).
  2074 | D:1      | 2074 ||| Stepping randomly (stuck).
  2075 | D:1      | 2075 ||| Stepping randomly (stuck).
  2076 | D:1      | 2076 ||| Stepping randomly (stuck).
  2077 | D:1      | 2077 ||| Stepping randomly (stuck).
  2078 | D:1      | 2078 ||| Stepping randomly (stuck).
  2079 | D:1      | 2079 ||| Stepping randomly (stuck).
  2080 | D:1      | 2080 ||| Stepping randomly (stuck).
  2081 | D:1      | 2081 ||| Stepping randomly (stuck).
  2082 | D:1      | 2082 ||| Stepping randomly (stuck).
  2083 | D:1      | 2083 ||| Stepping randomly (stuck).
  2084 | D:1      | 2084 ||| Stepping randomly (stuck).
  2085 | D:1      | 2085 ||| Stepping randomly (stuck).
  2086 | D:1      | 2086 ||| Stepping randomly (stuck).
  2087 | D:1      | 2087 ||| Stepping randomly (stuck).
  2088 | D:1      | 2088 ||| Stepping randomly (stuck).
  2089 | D:1      | 2089 ||| Stepping randomly (stuck).
  2090 | D:1      | 2090 ||| Stepping randomly (stuck).
  2091 | D:1      | 2091 ||| Stepping randomly (stuck).
  2092 | D:1      | 2092 ||| Stepping randomly (stuck).
  2093 | D:1      | 2093 ||| Stepping randomly (stuck).
  2094 | D:1      | 2094 ||| Stepping randomly (stuck).
  2095 | D:1      | 2095 ||| Stepping randomly (stuck).
  2096 | D:1      | 2096 ||| Stepping randomly (stuck).
  2097 | D:1      | 2097 ||| Stepping randomly (stuck).
  2098 | D:1      | 2098 ||| Stepping randomly (stuck).
  2099 | D:1      | 2099 ||| Stepping randomly (stuck).
  2100 | D:1      | 2100 ||| Stepping randomly (stuck).
  2101 | D:1      | 2101 ||| Stepping randomly (stuck).
  2102 | D:1      | 2102 ||| Stepping randomly (stuck).
  2103 | D:1      | 2103 ||| Stepping randomly (stuck).
  2104 | D:1      | 2104 ||| Stepping randomly (stuck).
  2105 | D:1      | 2105 ||| Stepping randomly (stuck).
  2106 | D:1      | 2106 ||| Stepping randomly (stuck).
  2107 | D:1      | 2107 ||| Stepping randomly (stuck).
  2108 | D:1      | 2108 ||| Stepping randomly (stuck).
  2109 | D:1      | 2109 ||| Stepping randomly (stuck).
  2110 | D:1      | 2110 ||| Stepping randomly (stuck).
  2111 | D:1      | 2111 ||| Stepping randomly (stuck).
  2112 | D:1      | 2112 ||| Stepping randomly (stuck).
  2113 | D:1      | 2113 ||| Stepping randomly (stuck).
  2114 | D:1      | 2114 ||| Stepping randomly (stuck).
  2115 | D:1      | 2115 ||| Stepping randomly (stuck).
  2116 | D:1      | 2116 ||| Stepping randomly (stuck).
  2117 | D:1      | 2117 ||| Stepping randomly (stuck).
  2118 | D:1      | 2118 ||| Stepping randomly (stuck).
  2119 | D:1      | 2119 ||| Stepping randomly (stuck).
  2120 | D:1      | 2120 ||| Stepping randomly (stuck).
  2121 | D:1      | 2121 ||| Stepping randomly (stuck).
  2122 | D:1      | 2122 ||| Stepping randomly (stuck).
  2123 | D:1      | 2123 ||| Stepping randomly (stuck).
  2124 | D:1      | 2124 ||| Stepping randomly (stuck).
  2125 | D:1      | 2125 ||| Stepping randomly (stuck).
  2126 | D:1      | 2126 ||| Stepping randomly (stuck).
  2127 | D:1      | 2127 ||| Stepping randomly (stuck).
  2128 | D:1      | 2128 ||| Stepping randomly (stuck).
  2129 | D:1      | 2129 ||| Stepping randomly (stuck).
  2130 | D:1      | 2130 ||| Stepping randomly (stuck).
  2131 | D:1      | 2131 ||| Stepping randomly (stuck).
  2132 | D:1      | 2132 ||| Stepping randomly (stuck).
  2133 | D:1      | 2133 ||| Stepping randomly (stuck).
  2134 | D:1      | 2134 ||| Stepping randomly (stuck).
  2135 | D:1      | 2135 ||| Stepping randomly (stuck).
  2136 | D:1      | 2136 ||| Stepping randomly (stuck).
  2137 | D:1      | 2137 ||| Stepping randomly (stuck).
  2138 | D:1      | 2138 ||| Stepping randomly (stuck).
  2139 | D:1      | 2139 ||| Stepping randomly (stuck).
  2140 | D:1      | 2140 ||| Stepping randomly (stuck).
  2141 | D:1      | 2141 ||| Stepping randomly (stuck).
  2142 | D:1      | 2142 ||| Stepping randomly (stuck).
  2143 | D:1      | 2143 ||| Stepping randomly (stuck).
  2144 | D:1      | 2144 ||| Stepping randomly (stuck).
  2145 | D:1      | 2145 ||| Stepping randomly (stuck).
  2146 | D:1      | 2146 ||| Stepping randomly (stuck).
  2147 | D:1      | 2147 ||| Stepping randomly (stuck).
  2148 | D:1      | 2148 ||| Stepping randomly (stuck).
  2149 | D:1      | 2149 ||| Stepping randomly (stuck).
  2150 | D:1      | 2150 ||| Stepping randomly (stuck).
  2151 | D:1      | 2151 ||| Stepping randomly (stuck).
  2152 | D:1      | 2152 ||| Stepping randomly (stuck).
  2153 | D:1      | 2153 ||| Stepping randomly (stuck).
  2154 | D:1      | 2154 ||| Stepping randomly (stuck).
  2155 | D:1      | 2155 ||| Stepping randomly (stuck).
  2156 | D:1      | 2156 ||| Stepping randomly (stuck).
  2157 | D:1      | 2157 ||| Stepping randomly (stuck).
  2158 | D:1      | 2158 ||| Stepping randomly (stuck).
  2159 | D:1      | 2159 ||| Stepping randomly (stuck).
  2160 | D:1      | 2160 ||| Stepping randomly (stuck).
  2161 | D:1      | 2161 ||| Stepping randomly (stuck).
  2162 | D:1      | 2162 ||| Stepping randomly (stuck).
  2163 | D:1      | 2163 ||| Stepping randomly (stuck).
  2164 | D:1      | 2164 ||| Stepping randomly (stuck).
  2165 | D:1      | 2165 ||| Stepping randomly (stuck).
  2166 | D:1      | 2166 ||| Stepping randomly (stuck).
  2167 | D:1      | 2167 ||| Stepping randomly (stuck).
  2168 | D:1      | 2168 ||| Stepping randomly (stuck).
  2169 | D:1      | 2169 ||| Stepping randomly (stuck).
  2170 | D:1      | 2170 ||| Stepping randomly (stuck).
  2171 | D:1      | 2171 ||| Stepping randomly (stuck).
  2172 | D:1      | 2172 ||| Stepping randomly (stuck).
  2173 | D:1      | 2173 ||| Stepping randomly (stuck).
  2174 | D:1      | 2174 ||| Stepping randomly (stuck).
  2175 | D:1      | 2175 ||| Stepping randomly (stuck).
  2176 | D:1      | 2176 ||| Stepping randomly (stuck).
  2177 | D:1      | 2177 ||| Stepping randomly (stuck).
  2178 | D:1      | 2178 ||| Stepping randomly (stuck).
  2179 | D:1      | 2179 ||| Stepping randomly (stuck).
  2180 | D:1      | 2180 ||| Stepping randomly (stuck).
  2181 | D:1      | 2181 ||| Stepping randomly (stuck).
  2182 | D:1      | 2182 ||| Stepping randomly (stuck).
  2183 | D:1      | 2183 ||| Stepping randomly (stuck).
  2184 | D:1      | 2184 ||| Stepping randomly (stuck).
  2185 | D:1      | 2185 ||| Stepping randomly (stuck).
  2186 | D:1      | 2186 ||| Stepping randomly (stuck).
  2187 | D:1      | 2187 ||| Stepping randomly (stuck).
  2188 | D:1      | 2188 ||| Stepping randomly (stuck).
  2189 | D:1      | 2189 ||| Stepping randomly (stuck).
  2190 | D:1      | 2190 ||| Stepping randomly (stuck).
  2191 | D:1      | 2191 ||| Stepping randomly (stuck).
  2192 | D:1      | 2192 ||| Stepping randomly (stuck).
  2193 | D:1      | 2193 ||| Stepping randomly (stuck).
  2194 | D:1      | 2194 ||| Stepping randomly (stuck).
  2195 | D:1      | 2195 ||| Stepping randomly (stuck).
  2196 | D:1      | 2196 ||| Stepping randomly (stuck).
  2197 | D:1      | 2197 ||| Stepping randomly (stuck).
  2198 | D:1      | 2198 ||| Stepping randomly (stuck).
  2199 | D:1      | 2199 ||| Stepping randomly (stuck).
  2200 | D:1      | 2200 ||| Stepping randomly (stuck).
  2201 | D:1      | 2201 ||| Stepping randomly (stuck).
  2202 | D:1      | 2202 ||| Stepping randomly (stuck).
  2203 | D:1      | 2203 ||| Stepping randomly (stuck).
  2204 | D:1      | 2204 ||| Stepping randomly (stuck).
  2205 | D:1      | 2205 ||| Stepping randomly (stuck).
  2206 | D:1      | 2206 ||| Stepping randomly (stuck).
  2207 | D:1      | 2207 ||| Stepping randomly (stuck).
  2208 | D:1      | 2208 ||| Stepping randomly (stuck).
  2209 | D:1      | 2209 ||| Stepping randomly (stuck).
  2210 | D:1      | 2210 ||| Stepping randomly (stuck).
  2211 | D:1      | 2211 ||| Stepping randomly (stuck).
  2212 | D:1      | 2212 ||| Stepping randomly (stuck).
  2213 | D:1      | 2213 ||| Stepping randomly (stuck).
  2214 | D:1      | 2214 ||| Stepping randomly (stuck).
  2215 | D:1      | 2215 ||| Stepping randomly (stuck).
  2216 | D:1      | 2216 ||| Stepping randomly (stuck).
  2217 | D:1      | 2217 ||| Stepping randomly (stuck).
  2218 | D:1      | 2218 ||| Stepping randomly (stuck).
  2219 | D:1      | 2219 ||| Stepping randomly (stuck).
  2220 | D:1      | 2220 ||| Stepping randomly (stuck).
  2221 | D:1      | 2221 ||| Stepping randomly (stuck).
  2222 | D:1      | 2222 ||| Stepping randomly (stuck).
  2223 | D:1      | 2223 ||| Stepping randomly (stuck).
  2224 | D:1      | 2224 ||| Stepping randomly (stuck).
  2225 | D:1      | 2225 ||| Stepping randomly (stuck).
  2226 | D:1      | 2226 ||| Stepping randomly (stuck).
  2227 | D:1      | 2227 ||| Stepping randomly (stuck).
  2228 | D:1      | 2228 ||| Stepping randomly (stuck).
  2229 | D:1      | 2229 ||| Stepping randomly (stuck).
  2230 | D:1      | 2230 ||| Stepping randomly (stuck).
  2231 | D:1      | 2231 ||| Stepping randomly (stuck).
  2232 | D:1      | 2232 ||| Stepping randomly (stuck).
  2233 | D:1      | 2233 ||| Stepping randomly (stuck).
  2234 | D:1      | 2234 ||| Stepping randomly (stuck).
  2235 | D:1      | 2235 ||| Stepping randomly (stuck).
  2236 | D:1      | 2236 ||| Stepping randomly (stuck).
  2237 | D:1      | 2237 ||| Stepping randomly (stuck).
  2238 | D:1      | 2238 ||| Stepping randomly (stuck).
  2239 | D:1      | 2239 ||| Stepping randomly (stuck).
  2240 | D:1      | 2240 ||| Stepping randomly (stuck).
  2241 | D:1      | 2241 ||| Stepping randomly (stuck).
  2242 | D:1      | 2242 ||| Stepping randomly (stuck).
  2243 | D:1      | 2243 ||| Stepping randomly (stuck).
  2244 | D:1      | 2244 ||| Stepping randomly (stuck).
  2245 | D:1      | 2245 ||| Stepping randomly (stuck).
  2246 | D:1      | 2246 ||| Stepping randomly (stuck).
  2247 | D:1      | 2247 ||| Stepping randomly (stuck).
  2248 | D:1      | 2248 ||| Stepping randomly (stuck).
  2249 | D:1      | 2249 ||| Stepping randomly (stuck).
  2250 | D:1      | 2250 ||| Stepping randomly (stuck).
  2251 | D:1      | 2251 ||| Stepping randomly (stuck).
  2252 | D:1      | 2252 ||| Stepping randomly (stuck).
  2253 | D:1      | 2253 ||| Stepping randomly (stuck).
  2254 | D:1      | 2254 ||| Stepping randomly (stuck).
  2255 | D:1      | 2255 ||| Stepping randomly (stuck).
  2256 | D:1      | 2256 ||| Stepping randomly (stuck).
  2257 | D:1      | 2257 ||| Stepping randomly (stuck).
  2258 | D:1      | 2258 ||| Stepping randomly (stuck).
  2259 | D:1      | 2259 ||| Stepping randomly (stuck).
  2260 | D:1      | 2260 ||| Stepping randomly (stuck).
  2261 | D:1      | 2261 ||| Stepping randomly (stuck).
  2262 | D:1      | 2262 ||| Stepping randomly (stuck).
  2263 | D:1      | 2263 ||| Stepping randomly (stuck).
  2264 | D:1      | 2264 ||| Stepping randomly (stuck).
  2265 | D:1      | 2265 ||| Stepping randomly (stuck).
  2266 | D:1      | 2266 ||| Stepping randomly (stuck).
  2267 | D:1      | 2267 ||| Stepping randomly (stuck).
  2268 | D:1      | 2268 ||| Stepping randomly (stuck).
  2269 | D:1      | 2269 ||| Stepping randomly (stuck).
  2270 | D:1      | 2270 ||| Stepping randomly (stuck).
  2271 | D:1      | 2271 ||| Stepping randomly (stuck).
  2272 | D:1      | 2272 ||| Stepping randomly (stuck).
  2273 | D:1      | 2273 ||| Stepping randomly (stuck).
  2274 | D:1      | 2274 ||| Stepping randomly (stuck).
  2275 | D:1      | 2275 ||| Stepping randomly (stuck).
  2276 | D:1      | 2276 ||| Stepping randomly (stuck).
  2277 | D:1      | 2277 ||| Stepping randomly (stuck).
  2278 | D:1      | 2278 ||| Stepping randomly (stuck).
  2279 | D:1      | 2279 ||| Stepping randomly (stuck).
  2280 | D:1      | 2280 ||| Stepping randomly (stuck).
  2281 | D:1      | 2281 ||| Stepping randomly (stuck).
  2282 | D:1      | 2282 ||| Stepping randomly (stuck).
  2283 | D:1      | 2283 ||| Stepping randomly (stuck).
  2284 | D:1      | 2284 ||| Stepping randomly (stuck).
  2285 | D:1      | 2285 ||| Stepping randomly (stuck).
  2286 | D:1      | 2286 ||| Stepping randomly (stuck).
  2287 | D:1      | 2287 ||| Stepping randomly (stuck).
  2288 | D:1      | 2288 ||| Stepping randomly (stuck).
  2289 | D:1      | 2289 ||| Stepping randomly (stuck).
  2290 | D:1      | 2290 ||| Stepping randomly (stuck).
  2291 | D:1      | 2291 ||| Stepping randomly (stuck).
  2292 | D:1      | 2292 ||| Stepping randomly (stuck).
  2293 | D:1      | 2293 ||| Stepping randomly (stuck).
  2294 | D:1      | 2294 ||| Stepping randomly (stuck).
  2295 | D:1      | 2295 ||| Stepping randomly (stuck).
  2296 | D:1      | 2296 ||| Stepping randomly (stuck).
  2297 | D:1      | 2297 ||| Stepping randomly (stuck).
  2298 | D:1      | 2298 ||| Stepping randomly (stuck).
  2299 | D:1      | 2299 ||| Stepping randomly (stuck).
  2300 | D:1      | 2300 ||| Stepping randomly (stuck).
  2301 | D:1      | 2301 ||| Stepping randomly (stuck).
  2302 | D:1      | 2302 ||| Stepping randomly (stuck).
  2303 | D:1      | 2303 ||| Stepping randomly (stuck).
  2304 | D:1      | 2304 ||| Stepping randomly (stuck).
  2305 | D:1      | 2305 ||| Stepping randomly (stuck).
  2306 | D:1      | 2306 ||| Stepping randomly (stuck).
  2307 | D:1      | 2307 ||| Stepping randomly (stuck).
  2308 | D:1      | 2308 ||| Stepping randomly (stuck).
  2309 | D:1      | 2309 ||| Stepping randomly (stuck).
  2310 | D:1      | 2310 ||| Stepping randomly (stuck).
  2311 | D:1      | 2311 ||| Stepping randomly (stuck).
  2312 | D:1      | 2312 ||| Stepping randomly (stuck).
  2313 | D:1      | 2313 ||| Stepping randomly (stuck).
  2314 | D:1      | 2314 ||| Stepping randomly (stuck).
  2315 | D:1      | 2315 ||| Stepping randomly (stuck).
  2316 | D:1      | 2316 ||| Stepping randomly (stuck).
  2317 | D:1      | 2317 ||| Stepping randomly (stuck).
  2318 | D:1      | 2318 ||| Stepping randomly (stuck).
  2319 | D:1      | 2319 ||| Stepping randomly (stuck).
  2320 | D:1      | 2320 ||| Stepping randomly (stuck).
  2321 | D:1      | 2321 ||| Stepping randomly (stuck).
  2322 | D:1      | 2322 ||| Stepping randomly (stuck).
  2323 | D:1      | 2323 ||| Stepping randomly (stuck).
  2324 | D:1      | 2324 ||| Stepping randomly (stuck).
  2325 | D:1      | 2325 ||| Stepping randomly (stuck).
  2326 | D:1      | 2326 ||| Stepping randomly (stuck).
  2327 | D:1      | 2327 ||| Stepping randomly (stuck).
  2328 | D:1      | 2328 ||| Stepping randomly (stuck).
  2329 | D:1      | 2329 ||| Stepping randomly (stuck).
  2330 | D:1      | 2330 ||| Stepping randomly (stuck).
  2331 | D:1      | 2331 ||| Stepping randomly (stuck).
  2332 | D:1      | 2332 ||| Stepping randomly (stuck).
  2333 | D:1      | 2333 ||| Stepping randomly (stuck).
  2334 | D:1      | 2334 ||| Stepping randomly (stuck).
  2335 | D:1      | 2335 ||| Stepping randomly (stuck).
  2336 | D:1      | 2336 ||| Stepping randomly (stuck).
  2337 | D:1      | 2337 ||| Stepping randomly (stuck).
  2338 | D:1      | 2338 ||| Stepping randomly (stuck).
  2339 | D:1      | 2339 ||| Stepping randomly (stuck).
  2340 | D:1      | 2340 ||| Stepping randomly (stuck).
  2341 | D:1      | 2341 ||| Stepping randomly (stuck).
  2342 | D:1      | 2342 ||| Stepping randomly (stuck).
  2343 | D:1      | 2343 ||| Stepping randomly (stuck).
  2344 | D:1      | 2344 ||| Stepping randomly (stuck).
  2345 | D:1      | 2345 ||| Stepping randomly (stuck).
  2346 | D:1      | 2346 ||| Stepping randomly (stuck).
  2347 | D:1      | 2347 ||| Stepping randomly (stuck).
  2348 | D:1      | 2348 ||| Stepping randomly (stuck).
  2349 | D:1      | 2349 ||| Stepping randomly (stuck).
  2350 | D:1      | 2350 ||| Stepping randomly (stuck).
  2351 | D:1      | 2351 ||| Stepping randomly (stuck).
  2352 | D:1      | 2352 ||| Stepping randomly (stuck).
  2353 | D:1      | 2353 ||| Stepping randomly (stuck).
  2354 | D:1      | 2354 ||| Stepping randomly (stuck).
  2355 | D:1      | 2355 ||| Stepping randomly (stuck).
  2356 | D:1      | 2356 ||| Stepping randomly (stuck).
  2357 | D:1      | 2357 ||| Stepping randomly (stuck).
  2358 | D:1      | 2358 ||| Stepping randomly (stuck).
  2359 | D:1      | 2359 ||| Stepping randomly (stuck).
  2360 | D:1      | 2360 ||| Stepping randomly (stuck).
  2361 | D:1      | 2361 ||| Stepping randomly (stuck).
  2362 | D:1      | 2362 ||| Stepping randomly (stuck).
  2363 | D:1      | 2363 ||| Stepping randomly (stuck).
  2364 | D:1      | 2364 ||| Stepping randomly (stuck).
  2365 | D:1      | 2365 ||| Stepping randomly (stuck).
  2366 | D:1      | 2366 ||| Stepping randomly (stuck).
  2367 | D:1      | 2367 ||| Stepping randomly (stuck).
  2368 | D:1      | 2368 ||| Stepping randomly (stuck).
  2369 | D:1      | 2369 ||| Stepping randomly (stuck).
  2370 | D:1      | 2370 ||| Stepping randomly (stuck).
  2371 | D:1      | 2371 ||| Stepping randomly (stuck).
  2372 | D:1      | 2372 ||| Stepping randomly (stuck).
  2373 | D:1      | 2373 ||| Stepping randomly (stuck).
  2374 | D:1      | 2374 ||| Stepping randomly (stuck).
  2375 | D:1      | 2375 ||| Stepping randomly (stuck).
  2376 | D:1      | 2376 ||| Stepping randomly (stuck).
  2377 | D:1      | 2377 ||| Stepping randomly (stuck).
  2378 | D:1      | 2378 ||| Stepping randomly (stuck).
  2379 | D:1      | 2379 ||| Stepping randomly (stuck).
  2380 | D:1      | 2380 ||| Stepping randomly (stuck).
  2381 | D:1      | 2381 ||| Stepping randomly (stuck).
  2382 | D:1      | 2382 ||| Stepping randomly (stuck).
  2383 | D:1      | 2383 ||| Stepping randomly (stuck).
  2384 | D:1      | 2384 ||| Stepping randomly (stuck).
  2385 | D:1      | 2385 ||| Stepping randomly (stuck).
  2386 | D:1      | 2386 ||| Stepping randomly (stuck).
  2387 | D:1      | 2387 ||| Stepping randomly (stuck).
  2388 | D:1      | 2388 ||| Stepping randomly (stuck).
  2389 | D:1      | 2389 ||| Stepping randomly (stuck).
  2390 | D:1      | 2390 ||| Stepping randomly (stuck).
  2391 | D:1      | 2391 ||| Stepping randomly (stuck).
  2392 | D:1      | 2392 ||| Stepping randomly (stuck).
  2393 | D:1      | 2393 ||| Stepping randomly (stuck).
  2394 | D:1      | 2394 ||| Stepping randomly (stuck).
  2395 | D:1      | 2395 ||| Stepping randomly (stuck).
  2396 | D:1      | 2396 ||| Stepping randomly (stuck).
  2397 | D:1      | 2397 ||| Stepping randomly (stuck).
  2398 | D:1      | 2398 ||| Stepping randomly (stuck).
  2399 | D:1      | 2399 ||| Stepping randomly (stuck).
  2400 | D:1      | 2400 ||| Stepping randomly (stuck).
  2401 | D:1      | 2401 ||| Stepping randomly (stuck).
  2402 | D:1      | 2402 ||| Stepping randomly (stuck).
  2403 | D:1      | 2403 ||| Stepping randomly (stuck).
  2404 | D:1      | 2404 ||| Stepping randomly (stuck).
  2405 | D:1      | 2405 ||| Stepping randomly (stuck).
  2406 | D:1      | 2406 ||| Stepping randomly (stuck).
  2407 | D:1      | 2407 ||| Stepping randomly (stuck).
  2408 | D:1      | 2408 ||| Stepping randomly (stuck).
  2409 | D:1      | 2409 ||| Stepping randomly (stuck).
  2410 | D:1      | 2410 ||| Stepping randomly (stuck).
  2411 | D:1      | 2411 ||| Stepping randomly (stuck).
  2412 | D:1      | 2412 ||| Stepping randomly (stuck).
  2413 | D:1      | 2413 ||| Stepping randomly (stuck).
  2414 | D:1      | 2414 ||| Stepping randomly (stuck).
  2415 | D:1      | 2415 ||| Stepping randomly (stuck).
  2416 | D:1      | 2416 ||| Stepping randomly (stuck).
  2417 | D:1      | 2417 ||| Stepping randomly (stuck).
  2418 | D:1      | 2418 ||| Stepping randomly (stuck).
  2419 | D:1      | 2419 ||| Stepping randomly (stuck).
  2420 | D:1      | 2420 ||| Stepping randomly (stuck).
  2421 | D:1      | 2421 ||| Stepping randomly (stuck).
  2422 | D:1      | 2422 ||| Stepping randomly (stuck).
  2423 | D:1      | 2423 ||| Stepping randomly (stuck).
  2424 | D:1      | 2424 ||| Stepping randomly (stuck).
  2425 | D:1      | 2425 ||| Stepping randomly (stuck).
  2426 | D:1      | 2426 ||| Stepping randomly (stuck).
  2427 | D:1      | 2427 ||| Stepping randomly (stuck).
  2428 | D:1      | 2428 ||| Stepping randomly (stuck).
  2429 | D:1      | 2429 ||| Stepping randomly (stuck).
  2430 | D:1      | 2430 ||| Stepping randomly (stuck).
  2431 | D:1      | 2431 ||| Stepping randomly (stuck).
  2432 | D:1      | 2432 ||| Stepping randomly (stuck).
  2433 | D:1      | 2433 ||| Stepping randomly (stuck).
  2434 | D:1      | 2434 ||| Stepping randomly (stuck).
  2435 | D:1      | 2435 ||| Stepping randomly (stuck).
  2436 | D:1      | 2436 ||| Stepping randomly (stuck).
  2437 | D:1      | 2437 ||| Stepping randomly (stuck).
  2438 | D:1      | 2438 ||| Stepping randomly (stuck).
  2439 | D:1      | 2439 ||| Stepping randomly (stuck).
  2440 | D:1      | 2440 ||| Stepping randomly (stuck).
  2441 | D:1      | 2441 ||| Stepping randomly (stuck).
  2442 | D:1      | 2442 ||| Stepping randomly (stuck).
  2443 | D:1      | 2443 ||| Stepping randomly (stuck).
  2444 | D:1      | 2444 ||| Stepping randomly (stuck).
  2445 | D:1      | 2445 ||| Stepping randomly (stuck).
  2446 | D:1      | 2446 ||| Stepping randomly (stuck).
  2447 | D:1      | 2447 ||| Stepping randomly (stuck).
  2448 | D:1      | 2448 ||| Stepping randomly (stuck).
  2449 | D:1      | 2449 ||| Stepping randomly (stuck).
  2450 | D:1      | 2450 ||| Stepping randomly (stuck).
  2451 | D:1      | 2451 ||| Stepping randomly (stuck).
  2452 | D:1      | 2452 ||| Stepping randomly (stuck).
  2453 | D:1      | 2453 ||| Stepping randomly (stuck).
  2454 | D:1      | 2454 ||| Stepping randomly (stuck).
  2455 | D:1      | 2455 ||| Stepping randomly (stuck).
  2456 | D:1      | 2456 ||| Stepping randomly (stuck).
  2457 | D:1      | 2457 ||| Stepping randomly (stuck).
  2458 | D:1      | 2458 ||| Stepping randomly (stuck).
  2459 | D:1      | 2459 ||| Stepping randomly (stuck).
  2460 | D:1      | 2460 ||| Stepping randomly (stuck).
  2461 | D:1      | 2461 ||| Stepping randomly (stuck).
  2462 | D:1      | 2462 ||| Stepping randomly (stuck).
  2463 | D:1      | 2463 ||| Stepping randomly (stuck).
  2464 | D:1      | 2464 ||| Stepping randomly (stuck).
  2465 | D:1      | 2465 ||| Stepping randomly (stuck).
  2466 | D:1      | 2466 ||| Stepping randomly (stuck).
  2467 | D:1      | 2467 ||| Stepping randomly (stuck).
  2468 | D:1      | 2468 ||| Stepping randomly (stuck).
  2469 | D:1      | 2469 ||| Stepping randomly (stuck).
  2470 | D:1      | 2470 ||| Stepping randomly (stuck).
  2471 | D:1      | 2471 ||| Stepping randomly (stuck).
  2472 | D:1      | 2472 ||| Stepping randomly (stuck).
  2473 | D:1      | 2473 ||| Stepping randomly (stuck).
  2474 | D:1      | 2474 ||| Stepping randomly (stuck).
  2475 | D:1      | 2475 ||| Stepping randomly (stuck).
  2476 | D:1      | 2476 ||| Stepping randomly (stuck).
  2477 | D:1      | 2477 ||| Stepping randomly (stuck).
  2478 | D:1      | 2478 ||| Stepping randomly (stuck).
  2479 | D:1      | 2479 ||| Stepping randomly (stuck).
  2480 | D:1      | 2480 ||| Stepping randomly (stuck).
  2481 | D:1      | 2481 ||| Stepping randomly (stuck).
  2482 | D:1      | 2482 ||| Stepping randomly (stuck).
  2483 | D:1      | 2483 ||| Stepping randomly (stuck).
  2484 | D:1      | 2484 ||| Stepping randomly (stuck).
  2485 | D:1      | 2485 ||| Stepping randomly (stuck).
  2486 | D:1      | 2486 ||| Stepping randomly (stuck).
  2487 | D:1      | 2487 ||| Stepping randomly (stuck).
  2488 | D:1      | 2488 ||| Stepping randomly (stuck).
  2489 | D:1      | 2489 ||| Stepping randomly (stuck).
  2490 | D:1      | 2490 ||| Stepping randomly (stuck).
  2491 | D:1      | 2491 ||| Stepping randomly (stuck).
  2492 | D:1      | 2492 ||| Stepping randomly (stuck).
  2493 | D:1      | 2493 ||| Stepping randomly (stuck).
  2494 | D:1      | 2494 ||| Stepping randomly (stuck).
  2495 | D:1      | 2495 ||| Stepping randomly (stuck).
  2496 | D:1      | 2496 ||| Stepping randomly (stuck).
  2497 | D:1      | 2497 ||| Stepping randomly (stuck).
  2498 | D:1      | 2498 ||| Stepping randomly (stuck).
  2499 | D:1      | 2499 ||| Stepping randomly (stuck).
  2500 | D:1      | 2500 ||| Stepping randomly (stuck).
  2501 | D:1      | 2501 ||| Stepping randomly (stuck).
  2502 | D:1      | 2502 ||| Stepping randomly (stuck).
  2503 | D:1      | 2503 ||| Stepping randomly (stuck).
  2504 | D:1      | 2504 ||| Stepping randomly (stuck).
  2505 | D:1      | 2505 ||| Stepping randomly (stuck).
  2506 | D:1      | 2506 ||| Stepping randomly (stuck).
  2507 | D:1      | 2507 ||| Stepping randomly (stuck).
  2508 | D:1      | 2508 ||| Stepping randomly (stuck).
  2509 | D:1      | 2509 ||| Stepping randomly (stuck).
  2510 | D:1      | 2510 ||| Stepping randomly (stuck).
  2511 | D:1      | 2511 ||| Stepping randomly (stuck).
  2512 | D:1      | 2512 ||| Stepping randomly (stuck).
  2513 | D:1      | 2513 ||| Stepping randomly (stuck).
  2514 | D:1      | 2514 ||| Stepping randomly (stuck).
  2515 | D:1      | 2515 ||| Stepping randomly (stuck).
  2516 | D:1      | 2516 ||| Stepping randomly (stuck).
  2517 | D:1      | 2517 ||| Stepping randomly (stuck).
  2518 | D:1      | 2518 ||| Stepping randomly (stuck).
  2519 | D:1      | 2519 ||| Stepping randomly (stuck).
  2520 | D:1      | 2520 ||| Stepping randomly (stuck).
  2521 | D:1      | 2521 ||| Stepping randomly (stuck).
  2522 | D:1      | 2522 ||| Stepping randomly (stuck).
  2523 | D:1      | 2523 ||| Stepping randomly (stuck).
  2524 | D:1      | 2524 ||| Stepping randomly (stuck).
  2525 | D:1      | 2525 ||| Stepping randomly (stuck).
  2526 | D:1      | 2526 ||| Stepping randomly (stuck).
  2527 | D:1      | 2527 ||| Stepping randomly (stuck).
  2528 | D:1      | 2528 ||| Stepping randomly (stuck).
  2529 | D:1      | 2529 ||| Stepping randomly (stuck).
  2530 | D:1      | 2530 ||| Stepping randomly (stuck).
  2531 | D:1      | 2531 ||| Stepping randomly (stuck).
  2532 | D:1      | 2532 ||| Stepping randomly (stuck).
  2533 | D:1      | 2533 ||| Stepping randomly (stuck).
  2534 | D:1      | 2534 ||| Stepping randomly (stuck).
  2535 | D:1      | 2535 ||| Stepping randomly (stuck).
  2536 | D:1      | 2536 ||| Stepping randomly (stuck).
  2537 | D:1      | 2537 ||| Stepping randomly (stuck).
  2538 | D:1      | 2538 ||| Stepping randomly (stuck).
  2539 | D:1      | 2539 ||| Stepping randomly (stuck).
  2540 | D:1      | 2540 ||| Stepping randomly (stuck).
  2541 | D:1      | 2541 ||| Stepping randomly (stuck).
  2542 | D:1      | 2542 ||| Stepping randomly (stuck).
  2543 | D:1      | 2543 ||| Stepping randomly (stuck).
  2544 | D:1      | 2544 ||| Stepping randomly (stuck).
  2545 | D:1      | 2545 ||| Stepping randomly (stuck).
  2546 | D:1      | 2546 ||| Stepping randomly (stuck).
  2547 | D:1      | 2547 ||| Stepping randomly (stuck).
  2548 | D:1      | 2548 ||| Stepping randomly (stuck).
  2549 | D:1      | 2549 ||| Stepping randomly (stuck).
  2550 | D:1      | 2550 ||| Stepping randomly (stuck).
  2551 | D:1      | 2551 ||| Stepping randomly (stuck).
  2552 | D:1      | 2552 ||| Stepping randomly (stuck).
  2553 | D:1      | 2553 ||| Stepping randomly (stuck).
  2554 | D:1      | 2554 ||| Stepping randomly (stuck).
  2555 | D:1      | 2555 ||| Stepping randomly (stuck).
  2556 | D:1      | 2556 ||| Stepping randomly (stuck).
  2557 | D:1      | 2557 ||| Stepping randomly (stuck).
  2558 | D:1      | 2558 ||| Stepping randomly (stuck).
  2559 | D:1      | 2559 ||| Stepping randomly (stuck).
  2560 | D:1      | 2560 ||| Stepping randomly (stuck).
  2561 | D:1      | 2561 ||| Stepping randomly (stuck).
  2562 | D:1      | 2562 ||| Stepping randomly (stuck).
  2563 | D:1      | 2563 ||| Stepping randomly (stuck).
  2564 | D:1      | 2564 ||| Stepping randomly (stuck).
  2565 | D:1      | 2565 ||| Stepping randomly (stuck).
  2566 | D:1      | 2566 ||| Stepping randomly (stuck).
  2567 | D:1      | 2567 ||| Stepping randomly (stuck).
  2568 | D:1      | 2568 ||| Stepping randomly (stuck).
  2569 | D:1      | 2569 ||| Stepping randomly (stuck).
  2570 | D:1      | 2570 ||| Stepping randomly (stuck).
  2571 | D:1      | 2571 ||| Stepping randomly (stuck).
  2572 | D:1      | 2572 ||| Stepping randomly (stuck).
  2573 | D:1      | 2573 ||| Stepping randomly (stuck).
  2574 | D:1      | 2574 ||| Stepping randomly (stuck).
  2575 | D:1      | 2575 ||| Stepping randomly (stuck).
  2576 | D:1      | 2576 ||| Stepping randomly (stuck).
  2577 | D:1      | 2577 ||| Stepping randomly (stuck).
  2578 | D:1      | 2578 ||| Stepping randomly (stuck).
  2579 | D:1      | 2579 ||| Stepping randomly (stuck).
  2580 | D:1      | 2580 ||| Stepping randomly (stuck).
  2581 | D:1      | 2581 ||| Stepping randomly (stuck).
  2582 | D:1      | 2582 ||| Stepping randomly (stuck).
  2583 | D:1      | 2583 ||| Stepping randomly (stuck).
  2584 | D:1      | 2584 ||| Stepping randomly (stuck).
  2585 | D:1      | 2585 ||| Stepping randomly (stuck).
  2586 | D:1      | 2586 ||| Stepping randomly (stuck).
  2587 | D:1      | 2587 ||| Stepping randomly (stuck).
  2588 | D:1      | 2588 ||| Stepping randomly (stuck).
  2589 | D:1      | 2589 ||| Stepping randomly (stuck).
  2590 | D:1      | 2590 ||| Stepping randomly (stuck).
  2591 | D:1      | 2591 ||| Stepping randomly (stuck).
  2592 | D:1      | 2592 ||| Stepping randomly (stuck).
  2593 | D:1      | 2593 ||| Stepping randomly (stuck).
  2594 | D:1      | 2594 ||| Stepping randomly (stuck).
  2595 | D:1      | 2595 ||| Stepping randomly (stuck).
  2596 | D:1      | 2596 ||| Stepping randomly (stuck).
  2597 | D:1      | 2597 ||| Stepping randomly (stuck).
  2598 | D:1      | 2598 ||| Stepping randomly (stuck).
  2599 | D:1      | 2599 ||| Stepping randomly (stuck).
  2600 | D:1      | 2600 ||| Stepping randomly (stuck).
  2601 | D:1      | 2601 ||| Stepping randomly (stuck).
  2602 | D:1      | 2602 ||| Stepping randomly (stuck).
  2603 | D:1      | 2603 ||| Stepping randomly (stuck).
  2604 | D:1      | 2604 ||| Stepping randomly (stuck).
  2605 | D:1      | 2605 ||| Stepping randomly (stuck).
  2606 | D:1      | 2606 ||| Stepping randomly (stuck).
  2607 | D:1      | 2607 ||| Stepping randomly (stuck).
  2608 | D:1      | 2608 ||| Stepping randomly (stuck).
  2609 | D:1      | 2609 ||| Stepping randomly (stuck).
  2610 | D:1      | 2610 ||| Stepping randomly (stuck).
  2611 | D:1      | Quit the game

Levels and vault maps discovered:
D:1:      minmay_arrival_up_and_down, layout_loops_corners,
          shapermc_ecumenical_altar_totnotflames, minivault_5,
          serial_bayou_crossing

Skill      XL: |  1  2 |
---------------+-------+-----
Axes           | 2 3 |  3.2
Fighting       | |  3.2
Armour         | |  3.2
Shields        | |  3.2

Action                   || total
-------------------------++-------
Melee: War axe           ||    96
Throw: Boomerang         ||     4
  Use: Scroll            ||     5
Armor: Scale mail        ||    43
Dodge: Dodged            ||    28
Block: Buckler           ||    18

Table legend:
 A = Non-vault XP
 B = Vault XP
 C = Vault XP percentage of total XP
 D = Non-vault monster count
 E = Vault monster count
 F = Vault count percentage of total count
                 A         B        C        D         E       F
            +---------+---------+-------+---------+---------+-------
      Total |      44 |       0 |   0.0 |      27 |       0 |   0.0
            +---------+---------+-------+---------+---------+-------
        D:1 |      44 |       0 |   0.0 |      27 |       0 |   0.0
            +---------+---------+-------+---------+---------+-------
